AoeStats
← juanjosealzueta

QS Arena

503536014Analyzed
2v2 RM · 1mo ago on Sep 1, 2026· 66m 14s· 4 players
Game mode
Random Map
Map size
Medium (4 player)
Population
200
Speed
Normal
Resources
Standard
Victory
Conquest
Starting age
Dark Age
Ending age
Imperial Age
RankedLock teamsTeams togetherTeam positionsShared explorationLock speedFull tech treeHidden civsTurbo modeCheats
Victory
Defeat
🇲🇽 Teutons · Mexico
605
+11
🇨🇦 Celts · Canada
439
+18
🇦🇷 Vietnamese · Argentina
653
-22
🇧🇷 Ethiopians · Brazil
323
-8
Chaosjut
0:44 Loom
10:17 Feudal Age
12:20 Wheelbarrow
11:32 Double-Bit Axe
11:31 Horse Collar
12:11 Gold Mining
12:25 Stone Mining
23:17 Castle Age
24:38 Hand Cart
24:36 Bow Saw
24:29 Heavy Plow
25:06 Gold Shaft Mining
25:09 Stone Shaft Mining
24:46 Forging
24:36 Scale Mail Armor
24:40 Caravan
25:10 Coinage
27:04 Arson
27:42 Fortified Wall
27:14 Treadmill Crane
27:48 Masonry
29:55 Iron Casting
29:36 Chain Mail Armor
32:06 Fletching
32:16 Padded Archer Armor
37:22 Imperial Age
37:25 Capped Ram
38:57 Hoardings
38:58 Conscription
38:19 Siege Ram
42:10 Blast Furnace
41:40 Plate Mail Armor
41:20 Siege Engineers
41:37 Elite Woad Raider
43:09 Furor Celtica
42:50 Stronghold
43:01 Murder Holes
42:54 Arrowslits
43:24 Heated Shot
43:56 Ballistics
44:48 Chemistry
44:43 Banking
44:24 Guilds
44:43 Bodkin Arrow
45:03 Leather Archer Armor
47:14 Ring Archer Armor
61:23 Man-at-Arms
61:48 Gambesons
61:24 Pikeman
63:18 Spies/Treason
Mr Kiking6126
0:41 Loom
11:54 Feudal Age
16:18 Castle Age
14:21 Man-at-Arms
14:47 Arson
15:10 Horse Collar
15:30 Double-Bit Axe
16:29 Forging
16:43 Scale Mail Armor
18:36 Bow Saw
18:57 Squires
19:30 Long Swordsman
19:56 Gambesons
21:44 Iron Casting
22:21 Chain Mail Armor
24:33 Wheelbarrow
23:43 Town Watch
23:54 Gold Mining
29:12 Imperial Age
27:37 Caravan
29:40 Hand Cart
29:15 Two-Handed Swordsman
31:18 Champion
33:02 Blast Furnace
32:36 Plate Mail Armor
33:59 Town Patrol
34:56 Fortified Wall
35:58 Chemistry
47:56 Elite Teutonic Knight
49:16 Hoardings
49:07 Conscription
59:47 Spies/Treason
64:28 Fletching
64:38 Padded Archer Armor
64:44 Scale Barding Armor
64:42 Heavy Plow
65:47 Two-Man Saw
64:15 Elite Skirmisher
64:16 Crossbowman
65:19 Ironclad
64:30 Sappers
65:21 Crenellations
64:26 Pikeman
64:48 Cavalier
65:39 Bloodlines
65:46 Bloodlines
66:12 Crop Rotation
alessandra.tassi
0:28 Loom
9:26 Feudal Age
10:02 Double-Bit Axe
10:11 Town Watch
11:01 Wheelbarrow
10:47 Stone Mining
14:30 Man-at-Arms
14:57 Arson
21:12 Castle Age
21:01 Fletching
21:21 Forging
22:45 Bow Saw
22:47 Horse Collar
24:55 Stone Shaft Mining
24:12 Gold Mining
26:27 Squires
25:47 Long Swordsman
26:57 Ballistics
26:06 Elite Skirmisher
28:34 Gold Shaft Mining
34:00 Imperial Age
33:06 Husbandry
33:24 Fervor
34:03 Caravan
36:02 Town Patrol
36:25 Crossbowman
37:56 Herbal Medicine
38:36 Theocracy
38:02 Devotion
38:04 Atonement
39:17 Heavy Plow
39:41 Imperial Skirmisher
42:11 Padded Archer Armor
42:07 Bodkin Arrow
42:13 Scale Mail Armor
45:30 Thumb Ring
46:09 Hand Cart
45:37 Light Cavalry
49:24 Illumination
49:21 Sanctity
49:23 Heresy
48:38 Heavy Camel Rider
juanjosealzueta
1:02 Loom
8:59 Feudal Age
9:39 Double-Bit Axe
11:22 Horse Collar
15:50 Gold Mining
15:51 Stone Mining
19:13 Castle Age
23:13 Wheelbarrow
22:23 Town Watch
25:53 Imperial Age
23:21 Town Watch
26:11 Fletching
26:22 Padded Archer Armor
27:00 Stone Shaft Mining
26:38 Bow Saw
26:31 Heavy Plow
27:57 Hand Cart
27:43 Town Patrol
29:25 Chemistry
31:24 Crop Rotation
31:58 Two-Man Saw
31:30 Caravan
33:22 Elite Rattan Archer
34:38 Hoardings
34:30 Ballistics
34:07 Murder Holes
34:18 Siege Engineers
35:51 Paper Money
35:40 Bodkin Arrow
36:02 Leather Archer Armor
35:55 Scale Barding Armor
36:57 Thumb Ring
38:11 Chatras
37:52 Elite Battle Elephant
38:44 Bloodlines
40:06 Fortified Wall
39:43 Arrowslits
39:27 Elite Fire Lancer
40:12 Squires
41:06 Husbandry
46:30 Arson
Connection lost

Rejoining the realm…

Still unreachable

The connection could not be restored.

Session expired

The server has moved on; the page needs a fresh start.